 Dungeon Crawl Stone Soup version 0.29-a0-553-g81b289dbe5 (webtiles) character file.

Game seed: 6784841796093984780

8 shadowstone the Covered (level 2, 0/19 HPs)
             Began as a Gargoyle Fighter on June 6, 2022.
             Slain by a rat (1 damage)
             ... on level 1 of the Dungeon.
             The game lasted 00:01:06 (215 turns).

shadowstone the Covered (Gargoyle Fighter)           Turns: 215, Time: 00:01:06

Health: 0/19       AC:  9    Str: 19    XL:     2   Next: 8%
Magic:  2/2        EV:  9    Int:  8    God:
Gold:   52         SH:  4    Dex:  9    Spells: 1/1 levels left

rFire   . . .      SeeInvis .   a - +0 trident
rCold   . . .      Faith    .   c - +0 buckler
rNeg    + . .      Spirit   .   b - +0 scale mail
rPois   ∞          Reflect  .   (no helmet)
rElec   +          Harm     .   (no cloak)
rCorr   .          Rampage  .   (no gloves)
Will    .....                   (no boots)
Stlth   ..........              (no amulet)
HPRegen 0.06/turn               (no ring)
MPRegen 0.08/turn               (no ring)

@: no status effects
A: sickness immunity, AC +2, negative energy resistance 1, electricity
resistance, torment resistance 1, petrification resistance
a: no special abilities


You were on level 1 of the Dungeon.
You visited 1 branch of the dungeon, and saw 1 of its levels.

You collected 52 gold pieces.

Inventory:

Hand Weapons
 a - a +0 trident (weapon)
Missiles
 e - 63 stones (quivered)
Armour
 b - a +0 scale mail (worn)
 c - a +0 buckler (worn)
Potions
 d - a potion of might


   Skills:
 + Level 3.5 Fighting
 + Level 1.7 Polearms
 + Level 3.5 Armour
 + Level 3.4 Shields


You had one spell level left.
You didn't know any spells.
Your spell library was empty.

Dungeon Overview and Level Annotations

Branches:
Dungeon (1/15)

Altars:

Shops:
D:1 (


Innate Abilities, Weirdness & Mutations

You are immune to sickness and miasma.
Your stone body is resilient. (AC +2)
You are immune to poison.
You resist negative energy. (rN+)
You are resistant to electric shocks. (rElec)
You are resistant to unholy torment.
You are immune to petrification.


Message History

The goblin barely misses you. The rat closely misses you.
You block the giant cockroach's attack. You block the goblin's attack.
The rat bites you but does no damage.
You hit the giant cockroach.
You kill the giant cockroach!
The ball python closely misses you. The ball python grabs you.
The ball python constricts you. The goblin barely misses you.
You block the rat's attack.
You closely miss the ball python. The ball python bites you.
The ball python constricts you. You block the goblin's attack.
The rat barely misses you.
You closely miss the ball python.
The ball python bites you but does no damage.
The ball python constricts you. The rat bites you.
The goblin barely misses you. The ball python bites you.
The ball python constricts you.
You hit the ball python.
You kill the ball python!
The goblin hits you but does no damage. The rat bites you.
You puncture the hobgoblin!
You kill the hobgoblin!
The goblin hits you but does no damage. The rat misses you.
The rat bites you but does no damage. The goblin completely misses you.
You have reached level 2!
The goblin hits you with a +0 club.
* * * LOW HITPOINT WARNING * * *
The rat bites you but does no damage.
Things that are here:
a hobgoblin corpse; a ball python corpse; a giant cockroach corpse You closely miss the goblin.
You block the rat's attack. The goblin closely misses you.
You closely miss the goblin. The goblin closely misses you. The rat bites you.
* * * LOW HITPOINT WARNING * * *
You hit the goblin.
You kill the goblin!
The rat bites you.
* * * LOW HITPOINT WARNING * * *
The rat bites you but does no damage.
You closely miss the rat. The rat bites you.
You die...

#. #.# #.###. .♣.
#.########..... ∩.
####...........#..
♣.[#........#####>...
#..#)######.# ##..#
###..#.# #.# #.##
#......# #.# ##.#
#.....)######.# ##.
#.....@....##.# #.
#.....r#.#.##.# #.
#.....(#.# #.
######.#.# #. #.#..
#. #.... #. #..... #.
#.#.#. #. # #.


You could see a rat.

Vanquished Creatures
  A ball python (D:1)
  2 giant cockroaches (D:1)
  A goblin (D:1)
  A hobgoblin (D:1)
  A frilled lizard (D:1)
  A kobold (D:1)
7 creatures vanquished.

Notes
Turn   | Place    | Note
-------+----------+-------------------------------------------
     0 | D:1      | shadowstone the Gargoyle Fighter began the quest for the
                  | Orb.
     0 | D:1      | Reached XP level 1. HP: 14/14 MP: 1/1
   198 | D:1      | Found Sihor's Weapon Emporium.
   211 | D:1      | Reached XP level 2. HP: 8/19 MP: 2/2
   215 | D:1      | Slain by a rat

Illustrated notes

Levels and vault maps discovered:
D:1:      minmay_arrival_shattered_statue, layout_loops_ring, serial_shops,
          nicolae_shop_trees

Action                   || total
-------------------------++-------
Melee: Trident           ||    15
Throw: Stone             ||    11
Armor: Scale mail        ||    20
Dodge: Dodged            ||    22
Block: Buckler           ||    13

Table legend: (Time is in decaauts)
 A = Elapsed time spent in this place.
 B = Non-inter-level travel time spent in this place.
 C = Inter-level travel time spent in this place.
 D = Time resting spent in this place.
 E = Time spent auto-exploring this place.
 F = Levels seen in this place.
 G = Mean time per level.
                   A        B        C        D        E       F      G
               +--------+--------+--------+--------+--------+-----+--------+
         Total |    220 |    217 |      3 |      0 |      0 |   1 |  220.0 |
       Dungeon |    220 |    217 |      3 |      0 |      0 |   1 |  220.0 |
               +--------+--------+--------+--------+--------+-----+--------+

Top non-repeatable levels by time:
     D:1: 220 daAuts
